[Event "Late-Titled-Tuesday-Blitz-June-18-2024"]
[Site "Chess.com"]
[Date "2024.06.18"]
[Round "3"]
[White "Omranalhosani21"]
[Black "K_A_S_T_O_R"]
[Result "0-1"]
[WhiteElo "2548"]
[BlackElo "2837"]
[TimeControl "180+1"]
[EndTime "14:30:18 PDT"]
[Termination "K_A_S_T_O_R won by resignation"]

1. e4 c5 2. Nf3 d6 3. d4 cxd4 4. Nxd4 Nf6 5. Nc3 a6 6. Be2 e5 7.
Nb3 Be7 8. O-O O-O 9. a4 Be6 10.
Be3 Nbd7 11. f3 Nb6 12. Na5 Qc7 13. Qe1 d5 14. exd5 Nbxd5 15. Nxd5 Nxd5 16. Bd2 Nf4 17. Bc3 b6 18. Nb3 Nxe2+ 19. Qxe2 Bc4 20. Qxe5 Qxe5 21. Bxe5 Bxf1 22. Kxf1 Rac8 23. c3 Rfe8 24. Bd4 Bd8 25.
Nd2 Bc7 26. Ra3 Rb8 27. g3 Bd6 28. Rb3 b5 29. axb5 axb5 30. Ne4 Bf8 31. g4 Rec8 32. Ke2 b4 33. Kd3 bxc3 34. Rxb8 Rxb8 35. bxc3 f6 36. c4 Rb3+ 37. Nc3 Bb4 38. c5 Bxc3 39. Bxc3 Kf7 40. Kc4 Rb1 41. Bd2 Ke6 42. Bf4 Rf1 43. Bg3 Rxf3 44.
Kd4 f5 45. gxf5+ Rxf5 46. Bd6 Rd5+ 47. Ke4 Rd2 48. Ke3 Rd1 49. Kf4 Kd5 50. Kf5 Rf1+ 51. Kg5 Ke6 52. Kg4 Rc1 53. Kf4 Rc4+ 54. Kf3 Kf5 55. Ke3 Ke6 56. Kf3 g5 57. Kg3 h5 58.
Kf3 Kd5 59. Ke3 Rc3+ 60. Kd2 Rf3 61. Ke2 g4 62. Be7 Rc3 63. Bd6 Ke4 64. Kf2 h4 65. Kg2 Rc2+ 66. Kf1 Ke3 67. Be7 Kf3 68. Bxh4 Rxh2 0-1

[Event "Late-Titled-Tuesday-Blitz-June-18-2024"]
[Site "Chess.com"]
[Date "2024.06.18"]
[Round "3"]
[White "GiorgianBarbosa"]
[Black "rychessmaster1"]
[Result "0-1"]
[WhiteElo "2499"]
[BlackElo "2744"]
[TimeControl "180+1"]
[EndTime "14:30:18 PDT"]
[Termination "rychessmaster1 won by checkmate"]

1. c4 e6 2. g3 d5 3. Bg2 d4 4.
Nf3 c5 5. O-O Nc6 6. d3 Nf6 7. e3 Bd6 8. exd4 cxd4 9. Nbd2 O-O 10. Ng5 e5 11. a3 a5 12. Nge4 Nxe4 13. Nxe4 Be7 14. f4 exf4 15. Bxf4 Bf5 16. h4 Qd7 17. h5 h6 18. Bf3 Rae8 19. Rf2 Kh8 20. Qd2 Rg8 21. Raf1 Bf8 22. Kh2 Bg4 23. Qd1 Bxf3 24.
Qxf3 Be7 25. g4 f5 26. gxf5 Qxf5 27. Ng3 Qh7 28. Re1 Bf6 29. Rxe8 Rxe8 30. Re2 Rxe2+ 31. Qxe2 Qg8 32. Nf5 Qf7 33. Qg4 Be5 34. Kg2 Qf6 35.
Bxe5 Nxe5 36. Qe4 Qg5+ 37. Kf1 Ng4 38. Qe8+ Kh7 39. Qe4 Qc1+ 40. Kg2 Nf6 41. Qf3 Qxb2+ 42. Kh3 Qd2 43. Qg3 Qg5 44. Qxg5 hxg5 45. Nd6 Nxh5 46. Nxb7 Nf4+ 47. Kg4 Nxd3 48. c5 Ne5+ 49. Kg3 d3 50. Kf2 g4 51. Nxa5 g3+ 52. Ke3 g2 53. Kf2 d2 54. Nc4 d1=Q 55. Nxe5 g1=Q# 0-1

[Event "Late-Titled-Tuesday-Blitz-June-18-2024"]
[Site "Chess.com"]
[Date "2024.06.18"]
[Round "3"]
[White "zsizsi99"]
[Black "Supergiuly"]
[Result "0-1"]
[WhiteElo "2545"]
[BlackElo "2339"]
[TimeControl "180+1"]
[EndTime "14:30:20 PDT"]
[Termination "Supergiuly won on time"]

1. d4 c6 2. c4 g6 3. Nc3 Bg7 4. h4 h5 5. Bg5 Nf6 6. e4 d6 7. f4 O-O 8. Nf3 Nbd7 9. e5 dxe5 10. fxe5 Ng4 11. Bd3 c5 12. Nd5 Re8 13. e6 fxe6 14.
Nf4 Nf8 15. Nxg6 Bxd4 16. Nxd4 Qxd4 17. Qe2 Nxg6 18. Bxg6 Rf8 19. Rd1 Qg7 20. Bxh5 Nf2 21. Rf1 Nxd1 22. Rxf8+ Qxf8 23. Kxd1 Bd7 24. Bf3 Rd8 25.
Kc1 Qf7 26. Bxb7 Ba4 27. b3 Bd7 28. Bf3 Qg7 29. Kb1 e5 30. Be4 Be6 31. Be3 Bg4 32. Qc2 Rd1+ 33. Kb2 Re1 34. Bxc5 Re2 35. Bd5+ e6 36.
Bxe6+ Kh8 37. Qxe2 Bxe2 38. Bd5 e4+ 39. Ka3 Qxg2 40.
Bd4+ Kh7 41. c5 Bg4 42. c6 Qe2 43. Kb4 Qd3 44. Kc5 e3 45. Bc4 Qf5+ 46. Kd6 e2 47.
Bc3 Qf4+ 48. Kc5 Qf2+ 49. Kd6 e1=Q 50. Bxe1 Qxe1 51. Kc7 Qe7+ 52. Kb8 Qd8+ 53. Kxa7 Qc7+ 54. Ka6 Bc8+ 55. Kb5 Bf5 56. Bd5 Bd3+ 57. Kc5 Ba6 58. b4 Qe7+ 59. Kb6 Bc8 0-1

[Event "Late-Titled-Tuesday-Blitz-June-18-2024"]
[Site "Chess.com"]
[Date "2024.06.18"]
[Round "3"]
[White "Oleksandr_Bortnyk"]
[Black "nindjaxx8"]
[Result "1-0"]
[WhiteElo "3057"]
[BlackElo "2735"]
[TimeControl "180+1"]
[EndTime "14:30:21 PDT"]
[Termination "Oleksandr_Bortnyk won by resignation"]

1. e4 e6 2. Nf3 d5 3. e5 c5 4. d4 Nc6 5. Bd3 Qb6 6. O-O cxd4 7.
Nbd2 Nge7 8. Nb3 Ng6 9. Re1 Bb4 10. Re2 Bd7 11. h4 Be7 12. h5 Nh4 13. Nxh4 Bxh4 14. Bf4 Be7 15. a4 a5 16. Bb5 O-O-O 17. Rd2 Rdg8 18.
Nxd4 h6 19. c4 dxc4 20. Rc1 Bb4 21. Nxc6 Bxc6 22. Rd4 Rd8 23. Be3 Bc5 24. Rcxc4 Bxd4 25. Bxd4 Rxd4 26. Rxd4 Bxb5 27. axb5 Rd8 28. Rxd8+ Qxd8 29. Qg4 Qf8 30. b6 Qb4 31. Qxg7 Qe1+ 32. Kh2 Qxf2 33.
Qf8+ Kd7 34. Qd6+ Ke8 35. Qb8+ Ke7 36. Qd6+ Ke8 37. Qb8+ Ke7 38. Qxb7+ Kf8 39. Kh3 Qe3+ 40. g3 Qc1 41. b3 Qd1 42. Qe4 Qxh5+ 43. Kg2 Qd1 44. Qe3 Qc2+ 45. Kh3 Qc6 46. Qxh6+ Ke7 47. Qf6+ Ke8 48. Qh8+ Ke7 49. Qh4+ Ke8 50. Qd4 Qh1+ 51.
Kg4 Qc6 52. Kg5 Ke7 53. g4 Ke8 54. Kf6 Qf3+ 55. Kg7 Qf4 56. Qxf4 1-0

[Event "Late-Titled-Tuesday-Blitz-June-18-2024"]
[Site "Chess.com"]
[Date "2024.06.18"]
[Round "3"]
[White "familijatop71"]
[Black "GianmarcoVaR"]
[Result "0-1"]
[WhiteElo "2301"]
[BlackElo "2702"]
[TimeControl "180+1"]
[EndTime "14:30:22 PDT"]
[Termination "GianmarcoVaR won by checkmate"]

1. e4 g6 2. d4 Bg7 3. Nc3 d6 4.
f4 Nf6 5. Nf3 O-O 6. e5 dxe5 7.
fxe5 Nd5 8. Bc4 c6 9. O-O f6 10. Qe2 a5 11. Ne4 Na6 12. c3 Nc7 13. a4 b6 14. Bd2 Ba6 15. Bxa6 Nxa6 16. Rad1 Nac7 17. c4 Nb4 18. Bxb4 axb4 19. b3 f5 20. Ng3 e6 21.
Qd2 Qe7 22. Qg5 Rfe8 23. Qxe7 Rxe7 24. Ne2 Bh6 25. Kh1 Rd7 26. g3 g5 27. Kg2 g4 28.
Nh4 Bg5 29. Nf4 Bxh4 30. gxh4 Rad8 31. Ne2 Kg7 32. h3 h5 33. hxg4 hxg4 34. Rf4 Kg6 35. Ng3 Ne8 36. Kf2 Ng7 37. Ke3 Rh8 38. Rh1 Rhd8 39.
Rd1 Nh5 40. Nxh5 Kxh5 41. Rh1 Rg8 42. Rff1 g3 43. Rf4 Rg4 44. Rxg4 Kxg4 45. h5 f4+ 46. Ke4 f3 47. h6 g2 48. Rg1 Kg3 49. d5 cxd5+ 50.
cxd5 exd5+ 51. Kd4 f2 52. e6 fxg1=Q+ 53. Ke5 Qe3+ 54.
Kf6 Qxh6+ 55. Ke5 Qf4# 0-1

[Event "Late-Titled-Tuesday-Blitz-June-18-2024"]
[Site "Chess.com"]
[Date "2024.06.18"]
[Round "3"]
[White "Sondremelaa"]
[Black "SharathRk6"]
[Result "0-1"]
[WhiteElo "2616"]
[BlackElo "2452"]
[TimeControl "180+1"]
[EndTime "14:30:22 PDT"]
[Termination "SharathRk6 won by resignation"]

1. e4 e5 2. Nf3 Nc6 3. Bc4 Bc5 4.
c3 Nf6 5. d3 d6 6. O-O O-O 7.
h3 a6 8. a4 h6 9. Re1 Be6 10.
Bxe6 fxe6 11. b4 Ba7 12. Nbd2 d5 13. b5 axb5 14. axb5 Bxf2+ 15. Kxf2 Rxa1 16. bxc6 bxc6 17. Qc2 Qa8 18. Bb2 Ra2 19. Rb1 Qa7+ 20. Kf1 Qa6 21. c4 Rb8 22. Qc1 d4 23. Nxe5 Nh5 24. Nef3 c5 25.
Bxd4 Rxb1 26. Qxb1 cxd4 27. Qb8+ Kh7 28. Qxc7 Ra1+ 29.
Kf2 Qa3 30. Qe5 Nf6 31. Qxd4 Qc1 32. Qe3 Ra2 33. Kg3 Nh5+ 34. Kf2 e5 35. c5 Nf4 36. c6 Qxc6 37. Nxe5 Qf6 38. Nf3 Ne6 39. d4 Nxd4 40. Qxd4 Qxd4+ 41. Nxd4 Rxd2+ 42. Ke3 Rxg2 43. e5 Rg3+ 44. Kf4 Rxh3 45. e6 Rh4+ 46. Ke5 Rxd4 47.
Kxd4 Kg8 48. Ke5 Kf8 49. Kd6 Ke8 50. Ke5 Ke7 51. Kf5 h5 52. Kg5 g6 53. Kh4 Kxe6 54. Kg5 Ke5 55. Kh4 Kf4 56. Kh3 g5 57. Kg2 g4 58. Kh2 h4 59. Kg2 h3+ 60. Kh2 Kf3 61.
Kg1 g3 62. Kh1 g2+ 63. Kh2 Kf2 64. Kxh3 g1=Q 0-1

[Event "Late-Titled-Tuesday-Blitz-June-18-2024"]
[Site "Chess.com"]
[Date "2024.06.18"]
[Round "3"]
[White "ChristopherYoo"]
[Black "NMJeevanK"]
[Result "1-0"]
[WhiteElo "3006"]
[BlackElo "2712"]
[TimeControl "180+1"]
[EndTime "14:30:23 PDT"]
[Termination "ChristopherYoo won by resignation"]

1. e4 e5 2. Nf3 Nc6 3. Bb5 a6 4.
Ba4 b5 5. Bb3 Na5 6. O-O d6 7.
d4 exd4 8. Nxd4 Bb7 9. Bd5 c6 10. Re1 Nf6 11. Nc3 Be7 12. Nf5 O-O 13. Bb3 Re8 14.
Bg5 Bc8 15. Nxe7+ Qxe7 16. e5 dxe5 17. Ne4 Bf5 18. Nd6 Nxb3 19. Nxf5 Qe6 20. Nxg7 Kxg7 21. axb3 Qf5 22. Re3 Nd5 23. Rf3 Qe6 24. c4 Nf4 25. Bxf4 exf4 26. Rxf4 Rad8 27. Qg4+ Qxg4 28. Rxg4+ Kf6 29.
Rf4+ Kg7 30. g3 Re2 31. Rxa6 Rxb2 32. Ra7 Rf8 33. cxb5 cxb5 34. b4 Re2 35. Rf5 Kg6 36.
Rxb5 Rd8 37. Ra3 Rd1+ 38. Kg2 Ree1 39. Rb6+ Kg7 40. Rf3 Rg1+ 41. Kh3 Rd7 42. Rb5 Rb1 43. Rg5+ Kf8 44. Rf4 Rb2 45. Rh5 Kg7 46. Rg4+ Kf6 47. Kg2 Rb7 48. Rxh7 R7xb4 49. Rxb4 Rxb4 50. Rh6+ Kg5 51. Ra6 f5 52. f4+ Kh5 53. Rf6 Rb5 54. Kh3 Ra5 55.
Rxf5+ Rxf5 56. g4+ Kg6 57. gxf5+ Kxf5 58. Kg3 Kf6 59.
Kg4 Kg6 60. f5+ Kf6 61. h4 Kf7 62. Kg5 Kg7 63. h5 Kh8 64. Kg6 Kg8 65. h6 Kh8 66. f6 Kg8 67. f7+ Kf8 68. h7 Ke7 69. h8=Q 1-0

[Event "Late-Titled-Tuesday-Blitz-June-18-2024"]
[Site "Chess.com"]
[Date "2024.06.18"]
[Round "3"]
[White "Bala-Afiada"]
[Black "Good_Knight_Kiss"]
[Result "0-1"]
[WhiteElo "2058"]
[BlackElo "2370"]
[TimeControl "180+1"]
[EndTime "14:30:24 PDT"]
[Termination "Good_Knight_Kiss won by checkmate"]

1. d4 Nf6 2. c4 g6 3. Nc3 Bg7 4. e4 d6 5. Nf3 O-O 6. Be2 e5 7. Be3 Ng4 8. Bg5 f6 9. Bd2 Nc6 10. d5 Ne7 11. h3 Nh6 12. g4 Nf7 13. Be3 f5 14. gxf5 gxf5 15. Ng5 Nxg5 16. Bxg5 Kh8 17. Bh5 fxe4 18. Nxe4 Bf5 19. Qe2 Qd7 20. O-O-O Ng6 21.
Bxg6 Bxg6 22. Ng3 Qf7 23. Rdf1 Qf3 24. h4 Qxe2 25. Nxe2 Bd3 26. Kd2 Bxc4 27. h5 Bxd5 28. h6 Bf6 29. Rhg1 Bxg5+ 30. Rxg5 Rg8 31. Rfg1 Rxg5 32.
Rxg5 Rg8 33. Rf5 Rg6 34. Rf8+ Bg8 35. Ng3 Rxh6 36. Nf5 Rg6 37. Ne7 Rg7 38. Nf5 Rg2 39. Ke3 h5 40. Ne7 Kh7 41. Rf6 Bxa2 42. Nf5 a5 43. Rh6+ Kg8 44. Rxh5 b5 45. Nh6+ Kg7 46.
Nf5+ Kg6 47. Nh4+ Kxh5 48. Nxg2 Kg5 49. Ne1 d5 50. Kd3 Kf4 51. Kc3 Bc4 52. Nd3+ Bxd3 53. Kxd3 Kf3 54. Kd2 Kxf2 55. Kd3 e4+ 56. Kc3 e3 57.
Kd4 e2 58. Kxd5 e1=Q 59. Kc6 Qb4 60. Kxc7 Qxb2 61. Kb6 b4 62. Kxa5 b3 63. Kb4 Qc2 64. Ka4 b2+ 65. Kb4 b1=Q+ 66. Ka3 Qca2# 0-1

[Event "Late-Titled-Tuesday-Blitz-June-18-2024"]
[Site "Chess.com"]
[Date "2024.06.18"]
[Round "3"]
[White "Zhigalko_Sergei"]
[Black "Sl4werThanYou"]
[Result "1-0"]
[WhiteElo "2982"]
[BlackElo "2710"]
[TimeControl "180+1"]
[EndTime "14:30:27 PDT"]
[Termination "Zhigalko_Sergei won by resignation"]

1. e4 g6 2. d4 Bg7 3. Nc3 d6 4. Nf3 a6 5. Be3 b5 6. a4 b4 7.
Ne2 Nf6 8. Ng3 O-O 9. Bd3 a5 10. O-O Nbd7 11. Re1 e5 12. c3 bxc3 13. bxc3 Ba6 14.
h3 Re8 15. Bxa6 Rxa6 16. d5 Qa8 17. Rb1 Nb6 18. Nd2 Nfd7 19. c4 Rc8 20. Qb3 c6 21.
Rec1 Nc5 22. Bxc5 dxc5 23. Ngf1 Bh6 24. Rc2 Nd7 25. Qc3 Rb8 26. Rxb8+ Qxb8 27. Rb2 Rb6 28. Rb3 Qa8 29. Rxb6 Nxb6 30. Qb3 Qb7 31. Nf3 f6 32. Ng3 Kf7 33. Ne2 cxd5 34. cxd5 c4 35. Qb5 Qa7 36. Nc3 Bf8 37. Nd2 Qc7 38. Qxa5 Bc5 39. Nxc4 Bxf2+ 40. Kxf2 Qxc4 41. Qxb6 Qxc3 42. a5 Qd2+ 43. Kf1 Qc1+ 44.
Ke2 Qc2+ 45. Ke1 Qc1+ 46. Kf2 Qd2+ 47. Kg1 Qc1+ 48. Kh2 Qf4+ 49. Kh1 Qf1+ 50. Qg1 Qd3 51. Qa1 Qa6 52. Kh2 g5 53. Qa4 Qf1 54. Qd7+ Kg8 55.
Qc8+ Kg7 56. Qd7+ Kg8 57. Qf5 Qb5 58. Qe6+ Kg7 59. a6 Qa5 60. Qd7+ Kg6 61. a7 h5 62. Qe8+ Kh6 63. a8=Q 1-0

[Event "Late-Titled-Tuesday-Blitz-June-18-2024"]
[Site "Chess.com"]
[Date "2024.06.18"]
[Round "3"]
[White "Pitomina"]
[Black "Evan_Attaker"]
[Result "0-1"]
[WhiteElo "2498"]
[BlackElo "2743"]
[TimeControl "180+1"]
[EndTime "14:30:28 PDT"]
[Termination "Evan_Attaker won by resignation"]

1. g4 d6 2. h3 h5 3. g5 h4 4. Bg2 e5 5. d3 Ne7 6. c4 Nbc6 7. Nc3 Ng6 8. Nd5 Be6 9. Be3 Nd4 10.
Nf3 c6 11. Nc3 Nxf3+ 12. Bxf3 Be7 13. Qd2 Qd7 14. Bg2 d5 15. cxd5 cxd5 16. d4 e4 17. O-O-O Rc8 18. Kb1 a6 19. Rc1 b5 20. a3 O-O 21. Na2 Rxc1+ 22. Nxc1 Rc8 23. Nb3 Rc7 24. Nc5 Bxc5 25. dxc5 Ne5 26. Qd4 Nc4 27. Bc1 b4 28. axb4 Qa4 29. Qc3 d4 30. Qxd4 Qb3 31. Qd8+ Kh7 32.
Bxe4+ g6 33. Bxg6+ Kxg6 34. Qd3+ Qxd3+ 35. exd3 Ne5 36. Bf4 Kf5 37. Bh2 Rd7 38. c6 Nxc6 39. Rc1 Nxb4 40. Rc5+ Rd5 41. Rc4 Nxd3 42. Rxh4 Kxg5 43. Rh8 Nb4 44. Kc1 Nd3+ 45. Kd2 Nxf2+ 46. Ke3 Nxh3 47. Bg3 Kg6 48. Rh4 Ng5 49. Ra4 Rb5 50. Rxa6 Rb3+ 51. Kf2 Rxb2+ 52. Ke3 Rb3+ 53. Kf2 Ne4+ 54.
Kf1 Rxg3 55. Ra4 Bf5 56. Ra6+ Kg5 57. Ra8 Kf4 58. Ra2 Rb3 59. Kg2 Kg4 60. Kh2 Ng5 61. Rg2+ Kh4 62. Rxg5 Kxg5 0-1

[Event "Late-Titled-Tuesday-Blitz-June-18-2024"]
[Site "Chess.com"]
[Date "2024.06.18"]
[Round "3"]
[White "Journey_to_GrandMaster_YT"]
[Black "Rainbow2014"]
[Result "0-1"]
[WhiteElo "2622"]
[BlackElo "2472"]
[TimeControl "180+1"]
[EndTime "14:30:29 PDT"]
[Termination "Rainbow2014 won by checkmate"]

1. d4 Nf6 2. Nf3 e6 3. e3 b6 4. Bd3 Bb7 5. O-O c5 6. c4 cxd4 7. exd4 d5 8. Nc3 Nbd7 9. Qa4 dxc4 10. Bxc4 Bxf3 11. gxf3 Be7 12. Bf4 O-O 13. Rad1 a6 14. Qc2 b5 15. Bb3 Rc8 16. Qe2 Nb6 17. a4 Nfd5 18.
Be5 Nxc3 19. bxc3 Rxc3 20. Bc2 Qc8 21. Rc1 b4 22. d5 Nxd5 23. Bxc3 bxc3 24. Rfd1 Bg5 25.
Rb1 Bd2 26. Qe4 g6 27. Kh1 Qc5 28. Qe2 Nf4 29. Qxa6 Qxf2 30. Qf1 Qe3 31. a5 Ra8 32. Ra1 Ne2 33. a6 Nd4 34. a7 Nxc2 35. Rdb1 Rxa7 36. Rxa7 Qxa7 37. Qd3 Nd4 38. Rb4 e5 39. Rc4 Qb7 40.
Qe4 Qxe4 41. fxe4 f5 42. exf5 gxf5 43. Kg2 c2 44. Kg3 c1=Q 45. Rxc1 Bxc1 46. Kh4 Kg7 47. Kh5 Ne6 48. Kh4 Kg6 49. Kg3 Bf4+ 50. Kh4 Bxh2 51. Kh3 Bf4 52. Kh4 Bg5+ 53. Kh3 Nf4+ 54. Kg3 e4 55.
Kf2 Nd5 56. Kg3 e3 57. Kf3 f4 58. Ke2 Kf5 59. Kf3 Nc3 60. Kg2 Kg4 61. Kh2 f3 62.
Kh1 e2 63. Kh2 Bf4+ 64. Kg1 e1=Q# 0-1

[Event "Late-Titled-Tuesday-Blitz-June-18-2024"]
[Site "Chess.com"]
[Date "2024.06.18"]
[Round "3"]
[White "dolynachess"]
[Black "gabduschew"]
[Result "0-1"]
[WhiteElo "2549"]
[BlackElo "2363"]
[TimeControl "180+1"]
[EndTime "14:30:30 PDT"]
[Termination "gabduschew won by checkmate"]

1. d4 Nf6 2. c4 c5 3. Nf3 g6 4.
Nc3 Bg7 5. g3 cxd4 6. Nxd4 Nc6 7.
Bg2 Qa5 8. O-O Qh5 9. Nc2 d6 10. e4 O-O 11. Qxh5 Nxh5 12. Bd2 Nf6 13. Rac1 Be6 14. b3 Nd7 15. Rfd1 Nc5 16. Be1 a5 17.
Nd5 Rac8 18. h3 f5 19. exf5 Bxf5 20. Nce3 Be4 21. Bxe4 Nxe4 22. Rc2 e6 23. Nc3 Ng5 24. Rxd6 Nxh3+ 25. Kg2 Ng5 26. Nb5 Ne4 27. Rd7 Nc5 28. Rd1 Ne5 29. Bc3 h5 30. Bxe5 Bxe5 31. Rcd2 Kg7 32. Re2 Rf7 33. Nd6 Bxd6 34. Rxd6 Rc6 35. Rxc6 bxc6 36. Nc2 Nd3 37. Nd4 e5 38. Nxc6 Rf5 39.
Nxa5 g5 40. Nc6 h4 41. gxh4 gxh4 42. c5 Nf4+ 43. Kh2 Nxe2 44. Nxe5 Rxe5 45. c6 Rc5 46. Kh3 Rxc6 47. Kxh4 Nd4 48. Kg4 Ra6 49. Kf4 Rxa2 50.
Ke4 Nxb3 51. Kd5 Rxf2 52. Kc4 Rf5 53. Kxb3 Kf6 54. Kc3 Re5 55. Kd4 Ke6 56. Kc4 Rd5 57.
Kc3 Ke5 58. Kb4 Kd6 59. Kc4 Kc6 60. Kb3 Rc5 61. Kb4 Kd5 62. Ka4 Kc4 63. Ka3 Rb5 64. Ka2 Kc3 65. Ka3 Rb1 66. Ka4 Rb2 67. Ka5 Kc4 68. Ka6 Kc5 69. Ka5 Ra2# 0-1

[Event "Late-Titled-Tuesday-Blitz-June-18-2024"]
[Site "Chess.com"]
[Date "2024.06.18"]
[Round "3"]
[White "rasmussvane"]
[Black "reevecanada"]
[Result "1-0"]
[WhiteElo "2981"]
[BlackElo "2613"]
[TimeControl "180+1"]
[EndTime "14:30:31 PDT"]
[Termination "rasmussvane won by checkmate"]

1. Nf3 d5 2. g3 Nd7 3. d4 Nb6 4. Nc3 Bf5 5. Bg2 e6 6. Nh4 Nf6 7. Nxf5 exf5 8. Qd3 g6 9. Bg5 c6 10. O-O Be7 11. Bxf6 Bxf6 12. e3 O-O 13. a4 a5 14.
b3 Rc8 15. Ne2 c5 16. c3 c4 17. bxc4 Rxc4 18. Nf4 Rc6 19. Rfb1 Bg5 20. Ne2 Qc7 21.
Rb5 Rd8 22. Rxa5 Rc4 23. Rb5 Qc6 24. h4 Bh6 25. Rb4 Bf8 26. Rxc4 Nxc4 27. Qb1 Ra8 28. Nf4 Nd2 29. Qa2 Ne4 30. Nxd5 Nxc3 31. Nxc3 Qxc3 32. Bxb7 Ra7 33. Bg2 Bb4 34. Rb1 Kg7 35. Bf3 h5 36. Kg2 Be7 37. Rb7 Rxb7 38. Bxb7 Bb4 39. Bd5 Qc7 40.
Qb3 Ba5 41. Qb5 Kf6 42. Bf3 Be1 43. Qe2 Ba5 44. Qa6+ Kg7 45. Qc6 Qd8 46. Qd5 Qc7 47.
Qc5 Qd8 48. Qc4 Qd6 49. Bd5 Qe7 50. Qb5 Qc7 51. Bf3 Be1 52. Qb2 Bc3 53. Qc2 Qa5 54.
Qb3 Be1 55. Qc2 Qb4 56. Bd5 Bc3 57. Ba2 Bb2 58. Qb3 Qd2 59. Qxf7+ Kh6 60. Qf8+ Kh7 61. Bg8+ Kh8 62. Bf7+ Kh7 63. Qg8+ Kh6 64. Qxg6# 1-0

[Event "Late-Titled-Tuesday-Blitz-June-18-2024"]
[Site "Chess.com"]
[Date "2024.06.18"]
[Round "3"]
[White "VinzentSpitzl"]
[Black "Dhaydon19"]
[Result "1-0"]
[WhiteElo "2492"]
[BlackElo "2643"]
[TimeControl "180+1"]
[EndTime "14:30:32 PDT"]
[Termination "VinzentSpitzl won by checkmate"]

1. e4 Nf6 2. e5 Nd5 3. d4 d6 4. Nf3 Bg4 5. Be2 e6 6. h3 Bh5 7. c4 Nb6 8. exd6 cxd6 9. Be3 N8d7 10. Nbd2 Be7 11. O-O O-O 12. a4 a5 13. Re1 Rc8 14. Qb3 Qc7 15. Qb5 Bxf3 16. Bxf3 Ra8 17. Rac1 Rfc8 18.
b3 Nf6 19. Ne4 Nxe4 20. Bxe4 Rcb8 21. g3 Nd7 22. c5 Nf6 23. cxd6 Qxd6 24. Bf4 Qb4 25.
Bxb8 Rxb8 26. Qxb4 Bxb4 27. Re2 Kf8 28. Bf3 b6 29.
Rec2 Rd8 30. Rc8 Be7 31. Rxd8+ Bxd8 32. Rc8 Ke7 33. Rb8 Bc7 34. Rh8 h6 35. Kf1 e5 36.
dxe5 Bxe5 37. Rc8 Bd4 38. Ke2 Bc5 39. Rc7+ Kf8 40. Bc6 Bd6 41. Rb7 Bc5 42. Bb5 g6 43.
Bc4 Ne4 44. Rxf7+ Ke8 45. Rg7 g5 46. Rg6 h5 47. Rh6 Nxf2 48. Rxh5 Ne4 49. Rh8+ Ke7 50. Kf3 Nf6 51. h4 g4+ 52. Kf4 Bd6+ 53. Kf5 Bxg3 54. h5 Bf2 55. h6 g3 56. Bf1 Nd5 57. h7 Bd4 58. Rg8 Ne3+ 59. Ke4 Nxf1 60. Kxd4 Nh2 61. h8=Q Nf3+ 62. Ke4 Nd2+ 63. Kd3 Nxb3 64. Qe5+ Kd7 65.
Rg7+ Kc6 66. Rc7# 1-0

[Event "Late-Titled-Tuesday-Blitz-June-18-2024"]
[Site "Chess.com"]
[Date "2024.06.18"]
[Round "3"]
[White "malakismayil"]
[Black "dretch"]
[Result "1/2-1/2"]
[WhiteElo "2560"]
[BlackElo "2845"]
[TimeControl "180+1"]
[EndTime "14:30:33 PDT"]
[Termination "Game drawn by repetition"]

1. e4 e6 2. d4 d5 3. Nd2 c5 4. exd5 Qxd5 5. Ngf3 cxd4 6. Bc4 Qd6 7.
O-O Nf6 8. Nb3 Nc6 9. Nbxd4 Nxd4 10. Nxd4 Be7 11. c3 O-O 12. Qf3 Bd7 13. Re1 Qc7 14.
Bb3 Rae8 15. Bf4 Qa5 16. Qxb7 Rc8 17. Qf3 Rfe8 18. Rad1 Qb6 19. Be5 a5 20. Qe2 a4 21.
Bc4 Rc5 22. b3 Rec8 23. Nf3 Qc6 24. Bd4 Ra5 25. Ne5 Qc7 26. Nxf7 Kxf7 27. Bxe6+ Bxe6 28. Qxe6+ Kf8 29. Bxf6 Bxf6 30. Rd7 Qxd7 31. Qxd7 Rd8 32. Qc7 Raa8 33. Qc5+ Kg8 34. c4 a3 35. g3 h6 36. Qe3 Bd4 37. Qe6+ Kh8 38. Re2 Rf8 39. Kg2 Ra7 40. f4 Bf6 41. Qd5 Rd8 42. Qf3 Rad7 43.
h4 Rd3 44. Qe4 Rd1 45. Rc2 R1d2+ 46. Kf3 R2d3+ 47. Kg4 R3d4 48. Qe6 Rd3 49. c5 h5+ 50.
Kh3 Kh7 51. c6 Rf3 52. Qf5+ Kh6 53. Qe4 Rdd3 54. Rg2 Rc3 55. b4 Rf1 56. b5 Rh1+ 57. Rh2 Rg1 58. Rg2 Rh1+ 59. Rh2 Rg1 60. Rg2 Rh1+ 1/2-1/2

[Event "Late-Titled-Tuesday-Blitz-June-18-2024"]
[Site "Chess.com"]
[Date "2024.06.18"]
[Round "3"]
[White "Kavyev_Ruslan"]
[Black "bazar-wokzal"]
[Result "0-1"]
[WhiteElo "2390"]
[BlackElo "2591"]
[TimeControl "180+1"]
[EndTime "14:30:33 PDT"]
[Termination "bazar-wokzal won by checkmate"]

1. d4 Nf6 2. Nf3 e6 3. c4 Nc6 4.
g3 Bb4+ 5. Bd2 a5 6. Bg2 d6 7. O-O e5 8. dxe5 dxe5 9. a3 Bxd2 10. Nbxd2 a4 11. Qc2 O-O 12. Rfd1 Qe7 13. b4 axb3 14.
Qxb3 e4 15. Ng5 Nd4 16. Qb2 Qe5 17. Rab1 Nxe2+ 18. Kf1 Qxg5 19. Kxe2 Bg4+ 20. f3 exf3+ 21. Nxf3 Rfe8+ 22. Kf1 Bxf3 23. Bxf3 Qf5 24. Qf2 Rxa3 25. Bxb7 Qg4 26. Re1 Qxc4+ 27. Kg1 Rxe1+ 28. Rxe1 h5 29. Bf3 Ra2 30. Qe3 Qc2 31. Re2 Qb1+ 32. Kg2 Rxe2+ 33. Qxe2 c5 34. Bxh5 c4 35. Qd1 Qxd1 36. Bxd1 Nd5 37. Kf3 c3 38. Ke4 Nb4 39. Bb3 c2 40. Bxc2 Nxc2 41. Kf4 Nd4 42. h4 Ne6+ 43. Kf5 Kh7 44. g4 Kh6 45. h5 Ng5 46. Kf4 Nh3+ 47.
Kg3 Ng5 48. Kf4 Nh7 49. Kf5 f6 50. Kf4 Ng5 51. Kg3 Ne6 52. Kh4 Nf4 53. Kg3 Kg5 54.
Kf3 Nd3 55. Kg3 Ne5 56. h6 gxh6 57. Kh3 Nxg4 58. Kg3 h5 59. Kf3 h4 60. Kg2 f5 61.
Kh3 f4 62. Kg2 Ne5 63. Kh3 f3 64. Kh2 Kg4 65. Kg1 Kg3 66. Kf1 h3 67. Kg1 Nc4 68. Kh1 Ne3 69. Kg1 f2+ 70. Kh1 f1=Q# 0-1

[Event "Late-Titled-Tuesday-Blitz-June-18-2024"]
[Site "Chess.com"]
[Date "2024.06.18"]
[Round "3"]
[White "js20000"]
[Black "DanielNaroditsky"]
[Result "1-0"]
[WhiteElo "2807"]
[BlackElo "3136"]
[TimeControl "180+1"]
[EndTime "14:30:36 PDT"]
[Termination "js20000 won by resignation"]

1. e4 c5 2. Nf3 d6 3. c3 Nf6 4. h3 Nc6 5. Bd3 e5 6. Bc2 d5 7. d3 h6 8. O-O Be7 9. Re1 dxe4 10. dxe4 Qxd1 11. Rxd1 Be6 12. Be3 O-O 13. Nbd2 Rfd8 14. Ba4 Nd7 15. Bb3 Nf8 16. Nc4 Ng6 17. Na3 Bxb3 18.
axb3 Rxd1+ 19. Rxd1 Rd8 20. Rxd8+ Nxd8 21. Nb5 Nc6 22.
Nc7 Bd6 23. Nd5 Kf8 24. Nd2 b6 25. Nc4 Bb8 26. b4 cxb4 27. cxb4 Nge7 28. b5 Nxd5 29. exd5 Nb4 30. d6 f6 31. f4 e4 32. Kf2 Ke8 33. f5 Nd3+ 34. Kg3 Kd7 35. Bf4 Nb4 36. Kg4 Nd5 37. Bg3 e3 38. Kf3 h5 39. Ke4 Nb4 40.
Kxe3 h4 41. Bh2 Nc2+ 42. Ke4 Ne1 43. g4 hxg3 44. Bxg3 Nc2 45. Kd5 Nb4+ 46. Kd4 Kd8 47. Bf4 Nc2+ 48. Kc3 Ne1 49. Bg3 Nf3 50. Kd3 Ng5 51.
h4 Nf7 52. Ke4 Kd7 53. Kd5 Nh6 54. Ke4 Nf7 55. Bf4 Nd8 56. Kd5 Nf7 57. h5 Nd8 58. Nd2 Nf7 59. Ne4 Nh8 60. h6 gxh6 61. Nxf6+ Kd8 62.
Bxh6 Nf7 63. Bf4 Nh8 64. Ke6 Kc8 65. d7+ Kb7 1-0

[Event "Late-Titled-Tuesday-Blitz-June-18-2024"]
[Site "Chess.com"]
[Date "2024.06.18"]
[Round "3"]
[White "KaydenTroffChess"]
[Black "mightysmasher"]
[Result "1-0"]
[WhiteElo "2813"]
[BlackElo "2517"]
[TimeControl "180+1"]
[EndTime "14:30:37 PDT"]
[Termination "KaydenTroffChess won by checkmate"]

1. d4 d5 2. Nf3 Nf6 3. Bf4 e6 4.
e3 Bd6 5. Ne5 O-O 6. Bd3 c5 7.
c3 Qc7 8. Bg3 Nc6 9. f4 Ne4 10.
Bxe4 dxe4 11. Nd2 f6 12. Nec4 f5 13. Nxd6 Qxd6 14. Nc4 Qd5 15. Ne5 cxd4 16. exd4 Rd8 17. Bh4 Rf8 18. Qb3 Qxb3 19. axb3 Nxe5 20. dxe5 Bd7 21. Ke2 Bc6 22. Rhd1 a5 23. Rd6 Rfe8 24. Ke3 Ra6 25. Be1 Rb6 26. Ra3 h6 27. c4 Ra6 28.
Bxa5 Raa8 29. Bb6 Kf7 30. h3 Rxa3 31. bxa3 Ra8 32. a4 g5 33. a5 Rc8 34. g4 fxg4 35. hxg4 gxf4+ 36. Kxf4 Rg8 37. Be3 Rc8 38. Kg3 Ra8 39. b4 Rc8 40. Bxh6 Be8 41. Rd4 Bc6 42. b5 Be8 43. Rxe4 Kg6 44. Be3 Ra8 45. Bb6 Kf7 46. Rd4 Ke7 47. Kf4 Bd7 48. Bc5+ Ke8 49. Bb4 Rc8 50. g5 Rd8 51. g6 Ra8 52. g7 Kf7 53. Rxd7+ Kg8 54. Rxb7 Rd8 55. Bd6 Rc8 56. c5 Ra8 57. a6 Rc8 58. a7 Ra8 59. Rb8+ Rxb8 60.
axb8=Q+ Kxg7 61. Qf8+ Kh7 62. b6 Kg6 63. Qg8+ Kh6 64.
b7 Kh5 65. b8=Q Kh6 66. c6 Kh5 67. c7 Kh6 68. c8=Q Kh5 69. Qg5# 1-0